 Dungeon Crawl Stone Soup version 0.29-a0-330-g52719c12eb (webtiles) character file.

Game seed: 13804283425558499547

168 HoaS the Quickloader (level 5, 0/30 HPs)
             Began as a Kobold Hunter on May 27, 2022.
             Slain by a jackal (2 damage)
             ... on level 3 of the Dungeon.
             The game lasted 00:06:53 (2790 turns).

HoaS the Quickloader (Kobold Hunter)                Turns: 2790, Time: 00:06:54

Health: 0/30       AC:  5    Str:  9    XL:     5   Next: 77%
Magic:  5/5        EV: 14    Int: 10    God:
Gold:   131        SH:  7    Dex: 20    Spells: 4/4 levels left

rFire   . . .      SeeInvis .   a - +2 hand crossbow
rCold   + . .      Faith    .   j - +2 buckler
rNeg    . . .      Spirit   .   b - +0 leather armour
rPois   .          Reflect  .   e - +0 helmet
rElec   .          Harm     .   (no cloak)
rCorr   .          Rampage  .   m - +0 pair of gloves
Will    .....                   (no boots)
Stlth   +++.......              (no amulet)
HPRegen 0.10/turn               l - ring of protection from cold
MPRegen 0.09/turn               (no ring)

@: no status effects
A: small, no large weapons, nightstalker 3
a: no special abilities


You were on level 3 of the Dungeon.
You visited 1 branch of the dungeon, and saw 4 of its levels.

You collected 131 gold pieces.

Inventory:

Hand Weapons
 a - a +2 hand crossbow (weapon)
Armour
 b - a +0 leather armour (worn)
 e - a +0 helmet (worn)
 j - a +2 buckler (worn)
 m - a +0 pair of gloves (worn)
Jewellery
 l - a ring of protection from cold (left hand)
Wands
 s - a wand of iceblast (8)
Scrolls
 c - 2 scrolls of immolation
 o - 3 scrolls of fear
Potions
 d - a potion of flight {unknown}
 f - a potion of brilliance {unknown}
 g - a potion of curing {unknown}
 h - 3 potions of heal wounds
 i - 2 potions of attraction {unknown}
 k - a potion of ambrosia {unknown}


   Skills:
 - Level 2.1 Fighting
 + Level 8.7 Crossbows
 - Level 2.4 Dodging
 - Level 1.3 Stealth


You had 4 spell levels left.
You didn't know any spells.
Your spell library contained the following spells:

 Spells                   Type           Power      Damage    Failure   Level
 Foxfire                  Conj/Fire      0%         2x1d4     63%         1
 Conjure Flame            Conj/Fire      0%         6-21      94%         3
 Inner Flame              Hex/Fire       0%         N/A       94%         3
 Summon Guardian Golem    Hex/Summ       0%         N/A       94%         3
 Flame Wave               Conj/Fire      0%         2d4       100%        4
 Orb of Destruction       Conj           0%         9d5       100%        7
 Spellforged Servitor     Conj/Summ      0%         N/A       100%        7


Dungeon Overview and Level Annotations

Branches:
Dungeon (4/15)
 Temple: D:4-7

Altars:
Dithmenos
Gozag
Uskayaw

Shops:
D:1 ?

Annotations:
D:3 Eustachio


Innate Abilities, Weirdness & Mutations

You are small and have problems with some larger weapons.
You are completely attuned to the shadows.


Message History

A lemure comes into view.
Eustachio casts a spell.
Eustachio blinks!
The jackal barks!
You shoot a bolt. The bolt closely misses Eustachio.
You hear a bark!
A jackal comes into view.
You block the jackal's attack.
Eustachio hits you with a +0 rapier of speed!
You climb upwards.
There is a stone staircase leading down here.
Shoot: a) +2 hand crossbow
Press: ? - help, Q - select action, (/) - cycle Shift-Dir - straight line, f - Eustachio
Aim: Eustachio, wielding a +0 rapier of speed and wearing a +0 leather armour (lightly wounded, 62% to hit)
You shoot a bolt. The bolt hits Eustachio!
Eustachio is moderately wounded.
You block the jackal's attack. You block Eustachio's attack.
The jackal bites you but does no damage.
Eustachio barely misses you.
Shoot: a) +2 hand crossbow
Press: ? - help, Q - select action, (/) - cycle Shift-Dir - straight line, f/p - Eustachio
Aim: Eustachio, wielding a +0 rapier of speed and wearing a +0 leather armour (moderately wounded, 62% to hit)
You shoot a bolt. The bolt misses Eustachio.
The jackal misses you.
Eustachio hits you with a +0 rapier of speed!
The jackal misses you.
Eustachio hits you with a +0 rapier of speed!
* * * LOW HITPOINT WARNING * * *
Shoot: a) +2 hand crossbow
Press: ? - help, Q - select action, (/) - cycle Shift-Dir - straight line, f/p - Eustachio
Aim: Eustachio, wielding a +0 rapier of speed and wearing a +0 leather armour (moderately wounded, 62% to hit)
You shoot a bolt. The bolt hits Eustachio.
Eustachio is moderately wounded.
The jackal barely misses you. Eustachio barely misses you.
As you read the scroll of summoning, it crumbles to dust.
Wisps of shadow whirl around you... The jackal misses you.
Eustachio hits you with a +0 rapier of speed.
* * * LOW HITPOINT WARNING * * *
The jackal bites you.
You die...

###############
#.......>.....#
#S###########.#
#@# #.# #@# #.#
#h# ###.####
#S# #.......
#.# #.######
##.# #.# #..#
#.#
#.##########.#
#.# #........#
#.# #.########


You could see Eustachio (ally target), a jackal (ally target) and 2 friendly
adders.

Vanquished Creatures
  Jessica (D:3)
  An iguana (D:2)
  Ijyb (D:3)
  Terence (D:3)
  An adder (D:2)
  2 dart slugs (D:3)
  2 orcs (D:3)
  3 endoplasms
  6 goblins
  5 hobgoblins
  3 quokkas
  8 ball pythons
  6 bats
  5 kobolds
  6 rats
51 creatures vanquished.

Notes
Turn   | Place    | Note
-------+----------+-------------------------------------------
     0 | D:1      | HoaS the Kobold Hunter began the quest for the Orb.
     0 | D:1      | Reached XP level 1. HP: 12/12 MP: 1/1
   127 | D:1      | Found Unnach's Magic Scroll Boutique.
   189 | D:1      | Reached XP level 2. HP: 17/17 MP: 2/2
   231 | D:1      | Reached skill level 6 in Crossbows
   558 | D:1      | Reached XP level 3. HP: 21/21 MP: 3/3
  1108 | D:2      | Reached skill level 7 in Crossbows
  1108 | D:2      | Reached XP level 4. HP: 3/26 MP: 4/4
  1595 | D:3      | Found an opulent altar of Gozag.
  1639 | D:3      | Noticed Jessica
  1640 | D:3      | Killed Jessica
  1688 | D:3      | Reached XP level 5. HP: 30/30 MP: 5/5
  1878 | D:3      | Reached skill level 8 in Crossbows
  1924 | D:3      | Found a hide-covered altar of Uskayaw.
  2063 | D:3      | Noticed Ijyb
  2072 | D:3      | Killed Ijyb
  2403 | D:3      | Noticed Terence
  2419 | D:3      | Killed Terence
  2782 | D:4      | Noticed Eustachio
  2782 | D:4      | Noticed a lemure
  2782 | D:4      | Noticed a lemure
  2782 | D:4      | Found a shadowy altar of Dithmenos.
  2783 | D:4      | Noticed a lemure
  2790 | D:3      | Slain by a jackal

Illustrated notes

Levels and vault maps discovered:
D:1:      dpeg_arrival_windows_large_door, layout_basic, serial_shops, shop
D:2:      layout_rooms, minmay_fractal_squares_gapless_5
D:3:      layout_loops_ring, mainiacjoe_overflow_big_doors, uniq_terence,
          uniq_ijyb, uniq_jessica
D:4:      layout_basic, grunt_dithmenos_smoke,
          minmay_temple_entry_drinking_statues, gammafunk_ghost_abyssal_escape,
          uniq_eustachio, uniq_pikel, uniq_robin

Skill      XL: |  1  2  3  4  5 |
---------------+----------------+-----
Crossbows      | 6 7 8 |  8.7
Fighting       | |  2.1
Dodging        | |  2.4
Stealth        | |  1.3

Action                   |  1- 3 |  4- 6 || total
-------------------------+-------+-------++-------
 Fire: Hand crossbow     |    71 |    67 ||   138
  Use: Scroll            |     4 |     7 ||    11
Armor: Leather armour    |     8 |     7 ||    15
Dodge: Dodged            |    14 |    25 ||    39
Block: Buckler           |     5 |    14 ||    19

Table legend: (Time is in decaauts)
 A = Elapsed time spent in this place.
 B = Non-inter-level travel time spent in this place.
 C = Inter-level travel time spent in this place.
 D = Time resting spent in this place.
 E = Time spent auto-exploring this place.
 F = Levels seen in this place.
 G = Mean time per level.
                   A        B        C        D        E       F      G
               +--------+--------+--------+--------+--------+-----+--------+
         Total |   2820 |   2712 |    108 |    693 |   1688 |   4 |  705.0 |
       Dungeon |   2820 |   2712 |    108 |    693 |   1688 |   4 |  705.0 |
               +--------+--------+--------+--------+--------+-----+--------+

Top non-repeatable levels by time:
     D:3: 1239 daAuts
     D:2: 955 daAuts
     D:1: 621 daAuts
     D:4: 4 daAuts
